 Dungeon Crawl Stone Soup version 0.30-a0-46-g5a63ccc183 (webtiles) character file.

Game seed: 10792994382576843298

9752 Newt the Fighter (level 11, -7/80 HPs)
             Began as a Demonspawn Gladiator on Sept 1, 2022.
             Was a Priest of Hepliaklqana.
             Mangled by a white ugly thing (8 damage)
             ... on level 9 of the Dungeon.
             The game lasted 00:18:39 (14374 turns).

Newt the Fighter (Demonspawn Gladiator)            Turns: 14374, Time: 00:18:40

Health: -7/80      AC:  9    Str: 19    XL:     11   Next: 27%
Magic:  11/11      EV: 11    Int: 16    God:    Hepliaklqana [***...]
Gold:   523        SH:  5    Dex: 14    Spells: 10/10 levels left

rFire   . . .      SeeInvis .    B - +0 great sword (elec)
rCold   + . .      Faith    .    (shield currently unavailable)
rNeg    + . .      Spirit   .    u - +1 scale mail {rC+}
rPois   .          Reflect  +    c - +0 helmet
rElec   .          Harm     .    (no cloak)
rCorr   .          Rampage  .    (no gloves)
Will    .....                    (boots unavailable)
Stlth   +.........               N - amulet of reflection
HPRegen 0.23/turn                H - ring of positive energy
MPRegen 0.12/turn                j - +6 ring of intelligence

@: no status effects
A: reduced essence, hooves 3, foul stench 2
a: Renounce Religion, Recall Ancestor, Ancestor Identity, Transference


You were on level 9 of the Dungeon.
You worshipped Hepliaklqana.
Hepliaklqana was most pleased with you.
You visited 1 branch of the dungeon, and saw 10 of its levels.
You also visited: Ossuary.

You collected 523 gold pieces.

Inventory:

Hand Weapons
 a - a +0 rapier
 e - a +2 falchion of freezing
 k - a +1 scythe of freezing
 m - a +4 dagger
 y - a +2 falchion of flaming
 B - a +0 great sword of electrocution (weapon)
 M - a +0 spectral lajatang
Missiles
 d - 3 throwing nets
 i - 32 poisoned darts (quivered)
 A - 2 javelins
Armour
 b - a +0 leather armour
 c - a +0 helmet (worn)
 u - a +1 scale mail of cold resistance (worn)
 I - a +0 pair of boots
 L - +0 steam dragon scales
Jewellery
 g - a ring of magical power
 j - a +6 ring of intelligence (right hand)
 p - a ring of wizardry
 r - a ring of wizardry
 H - a ring of positive energy (left hand)
 N - an amulet of reflection (around neck)
 O - a ring of positive energy
Wands
 C - a wand of charming (7)
 D - a wand of mindburst (21)
 J - a wand of light (12)
Scrolls
 s - 4 scrolls of poison
 t - 2 scrolls of amnesia
 v - 2 scrolls of vulnerability
 z - 2 scrolls of magic mapping
 E - a scroll of fog
 K - 2 scrolls of enchant armour {unknown}
 Q - 2 scrolls of silence
Potions
 f - 3 potions of heal wounds
 h - 6 potions of degeneration
 l - 3 potions of flight
 n - 2 potions of lignification
 o - 6 potions of curing
 q - 2 potions of haste
 w - a potion of ambrosia
 x - 2 potions of might
 F - a potion of mutation
 G - 2 potions of invisibility


   Skills:
 + Level 9.5 Fighting
 - Level 6.0(8.4) Short Blades
 - Level 9.2(10.0) Long Blades
 - Level 1.7 Throwing
 - Level 6.0 Armour
 - Level 4.0 Dodging
 - Level 2.0 Stealth
 - Level 6.0 Evocations


You had 10 spell levels left.
You didn't know any spells.
Your spell library contained the following spells:

 Spells                   Type           Power      Damage    Failure   Level
 Slow                     Hex            0%         N/A       56%         1
 Blink                    Tloc           0%         N/A       71%         2
 Static Discharge         Conj/Air       0%         3-3/arc   71%         2
 Confusing Touch          Hex            0%         N/A       90%         3
 Dazzling Flash           Conj/Hex       0%         N/A       90%         3
 Gell's Gravitas          Tloc           0%         N/A       90%         3
 Teleport Other           Tloc           0%         N/A       90%         3
 Vampiric Draining        Necr           0%         2d6       90%         3
 Airstrike                Air            0%         2d(0-16)  100%        4
 Dispel Undead            Necr           0%         3d6       100%        4
 Iskenderun's Mystic Bla  Conj/Tloc      0%         2d3       100%        4
 Sticky Flame             Conj/Fire      0%         2d3       100%        4
 Summon Lightning Spire   Summ/Air       0%         N/A       100%        4
 Lightning Bolt           Conj/Air       0%         1d11      100%        5
 Manifold Assault         Tloc           0%         N/A       100%        5
 Dispersal                Tloc           0%         N/A       100%        6
 Starburst                Conj/Fire      0%         6d3       100%        6
 Storm Form               Tmut/Air       0%         N/A       100%        7


Dungeon Overview and Level Annotations

Branches:
Dungeon (10/15)            Temple (0/1) D:6             Orc (0/2) D:9
Ossuary (visited)
   Lair: D:8-11

Altars:
Ashenzari
Fedhas
Gozag
Hepliaklqana
Makhleb
Okawaru
Yredelemnul

Shops:
D:4 [

Annotations:
D:8 1 transporter


Innate Abilities, Weirdness & Mutations

Your life essence is reduced to manifest your ancestor. (-10% HP)
You have hooves in place of feet.
You sometimes emit foul miasma when damaged in melee.


Message History

Paser hits the orc warrior but does no damage.
Paser drains the orc warrior.
Paser hits the orc warrior but does no damage.
Paser hits the orc warrior with a +0 dagger of draining. x2
Paser drains the orc warrior.
Paser hits the orc warrior with a +0 dagger of draining!
The orc warrior dies!
Paser hits the white ugly thing with a +0 dagger of draining.
The basilisk gazes at you.
You are slowing down.
Paser hits the basilisk with a +0 dagger of draining.
Paser drains the basilisk.
Your limbs are stiffening.
Unknown command.
The basilisk gazes at you. You resist with some effort.
Paser gestures at the basilisk while chanting.
The basilisk resists with significant effort.
You have turned to stone.
Paser gestures at the basilisk while chanting.
The basilisk seems to slow down.
Something barely misses Paser.
Paser hits the basilisk with a +0 dagger of draining.
Paser drains the basilisk.
Something barely misses Paser.
Paser barely misses the basilisk.
Paser hits the basilisk with a +0 dagger of draining!
Paser misses the basilisk.
The basilisk bites Paser!
Paser gestures at the basilisk while chanting.
The basilisk appears confused.
Paser points at the basilisk and mumbles some strange words.
The basilisk resists with significant effort.
Paser hits the basilisk with a +0 dagger of draining!
The basilisk dies!
The white ugly thing engulfs you.
* * * LOW HITPOINT WARNING * * *
The white ugly thing freezes you. You resist.
* * * LOW HITPOINT WARNING * * *
You turn to flesh and can move again.
Unknown command.
The white ugly thing attacks as you move away!
The white ugly thing engulfs you!
You die...

##...#.....##.......#.#####..###
##...##.....#...).#..#.#...#..#
.....#.....##...###..#.#...'..#
....##.....#..)## #..#.#...#..#
..###......#.)#####..#.#...#..#
###.......##......#..#.#...#..#
.'........#.......#..#.#####..#
.#........'.####..#..#........#
##.......#### #@.#..#........#
#......### #u.#..#........###
#.....## ...#..#..#..........#
#.....# #..#g.#..#....).....#
.....## #..#..#..#..........#
.....# #..#..#..#..........#
.....# #..#R.#).#..........#
....## #####.u#..#..#..........#
....# .......#)....#......#####


You could see the friendly Paser the hexer, a white ugly thing and a gnoll
sergeant (ally target).

Vanquished Creatures
  3 two-headed ogres
  A manticore (D:9)
  A cyclops (D:9)
  A troll (D:9)
  Prince Ribbit (D:6)
  Sigmund (D:2)
  A shadow (D:8)
  3 steam dragons
  2 water moccasins
  2 orc warriors (D:8)
  2 ice beasts
  2 black bears
  A sky beast (D:8)
  6 centaurs
  4 ogres
  A kobold brigand (D:9)
  A bullfrog (D:8)
  Blork the orc (D:5)
  4 elf zombies (Ossuary)
  A necrophage (D:6)
  4 gnoll sergeants
  2 scorpions
  10 wights
  2 killer bees (D:9)
  7 howler monkeys
  A centaur zombie (Ossuary)
  3 human zombies (Ossuary)
  2 jellies
  3 orc priests
  6 hounds
  3 gnoll boudas
  An orc wizard (D:9)
  4 iguanas (D:5)
  2 mummies (Ossuary)
  19 gnolls
  11 adders
  A shadow imp (D:6)
  2 white imps
  2 worms (D:2)
  7 dart slugs
  12 orcs
  8 endoplasms
  4 giant cockroaches
  6 goblins
  8 hobgoblins
  4 quokkas
  4 ball pythons
  5 bats
  6 frilled lizards
  14 kobolds
  4 rats
  2 rat zombies (D:4)
208 creatures vanquished.

Vanquished Creatures (collateral kills)
  A two-headed ogre (D:9)
  Maurice (D:9)
  A basilisk (D:9)
  An acid dragon (D:9)
  An orc warrior (D:9)
  A centaur (D:9)
  A kobold brigand (D:9)
  2 bullfrogs
  A wight (D:6)
  A howler monkey (D:7)
  An orc priest (D:8)
  A gnoll bouda (D:7)
  2 orc wizards (D:7)
  An iguana (D:6)
  4 gnolls
  3 orcs
23 creatures vanquished.

Vanquished Creatures (others)
  2 hexers (D:9)
  2 orc wizards (D:9)
  2 ancestors (D:6)
6 creatures vanquished.

Grand Total: 237 creatures vanquished

Notes
Turn   | Place    | Note
-------+----------+-------------------------------------------
     0 | D:1      | Newt the Demonspawn Gladiator began the quest for the Orb.
     0 | D:1      | Reached XP level 1. HP: 16/16 MP: 1/1
   142 | D:1      | Reached skill level 1 in Stealth
   145 | D:1      | Gained mutation: You may rarely emit foul miasma when
                  | damaged in melee. [demonic ancestry]
   145 | D:1      | Reached XP level 2. HP: 14/22 MP: 2/2
  1069 | D:1      | Reached XP level 3. HP: 23/28 MP: 3/3
  1524 | D:1      | Found a faded altar of an unknown god.
  1762 | D:2      | Reached XP level 4. HP: 20/37 MP: 4/4
  2263 | D:2      | Found a blossoming altar of Fedhas.
  2798 | D:2      | Noticed Sigmund
  2807 | D:2      | Killed Sigmund
  2808 | D:2      | Reached XP level 5. HP: 42/42 MP: 5/5
  3413 | D:3      | Gained mutation: You have large cloven feet. [demonic
                  | ancestry]
  3413 | D:3      | Reached XP level 6. HP: 40/48 MP: 6/6
  4070 | D:4      | Found a basalt altar of Yredelemnul.
  4078 | D:4      | Found a sand-covered staircase.
  4088 | Ossuary  | Entered an ossuary
  4139 | Ossuary  | Reached skill level 5 in Short Blades
  4691 | Ossuary  | Reached XP level 7. HP: 17/54 MP: 7/7
  4750 | Ossuary  | Reached skill level 1 in Armour
  5604 | D:4      | Found a hazy altar of Hepliaklqana.
  5614 | D:4      | Became a worshipper of Hepliaklqana the Forgotten
  6030 | D:4      | Found an iron altar of Okawaru.
  6030 | D:4      | Found a burning altar of Makhleb.
  6117 | D:4      | Reached skill level 1 in Long Blades
  6381 | D:4      | Gained mutation: You have hoof-like feet. [demonic
                  | ancestry]
  6381 | D:4      | Reached XP level 8. HP: 11/54 MP: 8/8
  6786 | D:4      | Found Axie's Armour Emporium.
  6830 | D:4      | Found an opulent altar of Gozag.
  7103 | D:5      | Entered Level 5 of the Dungeon
  7498 | D:5      | Found a blossoming altar of Fedhas.
  7573 | D:5      | Reached skill level 5 in Long Blades
  7581 | D:5      | Reached * piety under Hepliaklqana
  7935 | D:5      | Noticed Blork the orc
  7941 | D:5      | Killed Blork the orc
  8383 | D:6      | Found a staircase to the Ecumenical Temple.
  8778 | D:6      | Gained mutation: You sometimes emit foul miasma when
                  | damaged in melee. [demonic ancestry]
  8778 | D:6      | Reached XP level 9. HP: 59/59 MP: 9/9
  8797 | D:6      | Found a broken altar of Ashenzari.
  9015 | D:6      | Reached skill level 5 in Fighting
  9497 | D:6      | Identified the +0 chain mail of Lifelessness {*Corrode
                  | Regen+ Dex+8 Stlth+}
  9508 | D:6      | Noticed Prince Ribbit
  9519 | D:6      | Killed Prince Ribbit
 10251 | D:7      | Reached ** piety under Hepliaklqana
 10252 | D:7      | Remembered your ancestor Paser as a hexer
 10267 | D:7      | Reached skill level 5 in Armour
 10573 | D:7      | You fall into a shaft and drop 3 floors!
 10573 | D:10     | Entered Level 10 of the Dungeon
 11047 | D:9      | Reached XP level 10. HP: 34/68 MP: 10/10
 11048 | D:9      | Identified the +10 trident of the Shrike {freeze, SInv}
 11236 | D:9      | Noticed a manticore
 11256 | D:9      | Killed a manticore
 11268 | D:9      | Noticed a cyclops
 11834 | D:8      | Reached skill level 1 in Evocations
 12046 | D:8      | Noticed a two-headed ogre
 12053 | D:8      | Killed a two-headed ogre
 12797 | D:8      | Reached *** piety under Hepliaklqana
 12819 | D:8      | Reached skill level 5 in Evocations
 13172 | D:8      | Noticed a two-headed ogre
 13178 | D:8      | Killed a two-headed ogre
 13538 | D:8      | Found a transporter.
 13613 | D:9      | Killed a cyclops
 13770 | D:9      | Noticed Maurice
 13778 | D:9      | Killed Maurice
 13780 | D:9      | Gained mutation: You have hooves in place of feet. [demonic
                  | ancestry]
 13780 | D:9      | Reached XP level 11. HP: 67/77 MP: 11/11
 13851 | D:9      | Noticed a two-headed ogre
 13860 | D:9      | Killed a two-headed ogre
 14221 | D:9      | Found a staircase to the Orcish Mines.
 14344 | D:9      | Noticed a boulder beetle
 14344 | D:9      | Noticed a two-headed ogre
 14354 | D:9      | Noticed a white ugly thing
 14357 | D:9      | HP: 3/78 [gnoll sergeant/+0 spear (7)]
 14361 | D:9      | Killed a two-headed ogre
 14373 | D:9      | HP: 4/80 [white ugly thing (3)]
 14373 | D:9      | HP: 1/80 [white ugly thing (3)]
 14374 | D:9      | Mangled by a white ugly thing

Illustrated notes

Levels and vault maps discovered:
D:1:      lemuel_arrival_tunnels, layout_basic,
          hellmonk_ecumenical_altar_slurped_away, eino_curves_04
D:2:      layout_basic, basic_altar, uniq_sigmund
D:3:      layout_loops_ring, glass_columns_c, minmay_stone_trees_medium
D:4:      minmay_diamond_boxcup, layout_basic,
          mainiacjoe_overflow_six_doors_small, nicolae_overflow_crystal_walls,
          yredelemnul_altar_generic, nicolae_overflow_two_pavilions,
          enter_ossuary_4, serial_shops, nicolae_square_shop
D:5:      layout_basic, mainiacjoe_overflow_boulevard, corexii_shack,
          chequers_serial_rivers_micro_c, uniq_blork_the_orc
D:6:      layout_basic, nicolae_ashenzari_panopticon, minmay_temple_entry_hall,
          grunt_ministairs_9, uniq_prince_ribbit1
D:7:      layout_cave_pools
D:8:      layout_rooms, gammafunk_ghost_smash, st_stairs_10,
          corexii_hall_statues_deadend, patterned_corridor
D:9:      minmay_quarter_circles, layout_irregular_city, uniq_maurice
D:10:     layout_basic, kennysheep_mini, trog_wizard,
          chequers_temple_overflow_statue_of_worship,
          grunt_lair_entry_orc_guard_hut

Skill      XL: |  1  2  3  4  5  6  7  8  9 10 11 |
---------------+----------------------------------+-----
Stealth        | 1 2 |  2.0
Fighting       | 3 4 6 7 9 |  9.5
Short Blades   | 4 6 |  6.0
Dodging        | 3 4 |  4.0
Armour         | 3 6 |  6.0
Long Blades    | 2 6 8 9 |  9.2
Evocations     | 6 |  6.0
Throwing       | |  1.7

Action                   |  1- 3 |  4- 6 |  7- 9 | 10-12 || total
-------------------------+-------+-------+-------+-------++-------
Melee: Rapier            |    78 |       |       |       ||    78
       Dagger            |    28 |   188 |   136 |       ||   352
       Punch             |       |     3 |     3 |       ||     6
       Kick              |       |    47 |    55 |    15 ||   117
       Great sword       |       |       |   209 |   137 ||   346
Throw: Dart              |     1 |       |       |       ||     1
       Throwing net      |       |     3 |     1 |     1 ||     5
       Javelin           |       |     3 |     8 |       ||    11
Invok: Recall Ancestor   |       |       |     1 |       ||     1
       Ancestor Life: He |       |       |     1 |       ||     1
Evoke: Wand              |       |       |       |     3 ||     3
  Use: Scroll            |     1 |     9 |     8 |     3 ||    21
       Potion            |       |     2 |     5 |       ||     7
 Stab: Sleeping          |     3 |     3 |     1 |       ||     7
       Distracted        |       |     1 |     1 |       ||     2
       Held in net/web   |       |     1 |       |       ||     1
       Confused          |       |       |       |     4 ||     4
Armor: Leather armour    |    24 |    35 |    15 |       ||    74
       Skin              |       |       |    28 |       ||    28
       Scale mail        |       |       |    90 |    82 ||   172
Dodge: Dodged            |    50 |    61 |   177 |    85 ||   373
Block: Other             |       |       |       |    33 ||    33
       Reflection        |       |       |       |     4 ||     4

Table legend: (Time is in decaauts)
 A = Elapsed time spent in this place.
 B = Non-inter-level travel time spent in this place.
 C = Inter-level travel time spent in this place.
 D = Time resting spent in this place.
 E = Time spent auto-exploring this place.
 F = Levels seen in this place.
 G = Mean time per level.
                   A        B        C        D        E       F      G
               +--------+--------+--------+--------+--------+-----+--------+
         Total |  14386 |  14161 |    225 |   4813 |   7502 |  11 | 1307.8 |
       Dungeon |  13162 |  12937 |    225 |   3862 |   7399 |  10 | 1316.2 |
       Ossuary |   1223 |   1223 |      0 |    951 |    103 |   1 | 1223.0 |
               +--------+--------+--------+--------+--------+-----+--------+

Top non-repeatable levels by time:
     D:9: 2045 daAuts
     D:6: 1929 daAuts
     D:4: 1754 daAuts
     D:1: 1738 daAuts
     D:2: 1476 daAuts
     D:8: 1387 daAuts
 Ossuary: 1223 daAuts
     D:5: 1176 daAuts
     D:3: 838 daAuts
     D:7: 765 daAuts
    D:10: 50 daAuts
